 Dungeon Crawl Stone Soup version 0.14-a0-1413-g94b8a5e (webtiles) character file.

299 Ololoev the Caller (level 5, -3/35 HPs)
             Began as a Mummy Summoner on Dec 12, 2013.
             Killed from afar by an orc wizard (7 damage)
             ... with a puff of flame
             ... on Level 4 of the Dungeon.
             The game lasted 00:23:56 (4273 turns).

Ololoev the Caller (Mummy Summoner)                 Turns: 4273, Time: 00:23:56

HP  -3/35        AC  5     Str 11      XL: 5   Next: 10%
MP   1/9         EV 12     Int 15      God:
Gold 148         SH  0     Dex 12      Spells:  2 memorised,  5 levels left

rFire  x . .     SeeInvis .     d - +1,+0 dwarf dagger (curse)
rCold  + . .     Clarity  .     j - +0 robe (curse)
rNeg   + + +     Conserve .     (no shield)
rPois  +         rCorr    .     m - +0 dwarf helmet
rElec  .         rRot     +     (no cloak)
SustAb . .       Spirit   .     h - +0 pair of gloves
rMut   .         Warding  .     g - +0 pair of boots
Saprov . . .     Stasis   .     (no amulet)
                                (no ring)
                                (no ring)

@: slightly resistant to hostile enchantments, fairly stealthy
A: no food or potions, fire vulnerability, restore body, cold resistance 1, life
protection 3, poison resistance, torment resistance, unbreathing
a: no special abilities


You were on level 4 of the Dungeon.
You were not hungry.

You visited 1 branch of the dungeon, and saw 4 of its levels.

You collected 148 gold pieces.

Inventory:

Hand weapons
 a - a +0,+2 trident of flaming
 c - a +2,+2 quarterstaff of crushing
 d - a cursed +1,+0 dwarven dagger (weapon)
 f - a +0,+1 dagger of draining
Missiles
 e - 6 darts (quivered)
 n - 3 silver darts
Armour
 g - a +0 pair of boots (worn)
 h - a +0 pair of gloves (worn)
 j - a cursed +0 robe (worn)
 k - a +1 leather armour of cold resistance
 m - a +0 dwarven helmet (worn)
Scrolls
 l - a scroll of recharging {unknown}
Jewellery
 i - an uncursed ring of positive energy {unknown}
Books
 b - a book of Callings

   Spells                             Type                      Level
   *Summon Small Mammal               Summoning                    1
   *Call Imp                          Summoning                    2
   Call Canine Familiar               Summoning                    3
   Summon Scorpions                   Summoning/Poison             4
   Summon Ice Beast                   Ice/Summoning                4


   Skills:
 - Level 1.5 Dodging
 - Level 1.7 Stealth
 - Level 2.2 Spellcasting
 + Level 5.2 Summonings


You had 5 spell levels left.
You knew the following spells:

 Your Spells              Type           Power        Failure   Level  Hunger
a - Summon Small Mammal   Summ           ###.         2%          1    N/A
b - Call Imp              Summ           ###.......   4%          2    N/A

Dungeon Overview and Level Annotations

Branches:
Dungeon (4/16)
 Temple: D:4-7

Altars:
Nemelex Xobeh
Trog

Annotations:
D:2 Crazy Yiuf


Innate Abilities, Weirdness & Mutations

You do not eat or drink.
Your flesh is vulnerable to fire.
Your flesh is cold resistant.
You are immune to negative energy.
Your system is resistant to poisons.
You are immune to unholy pain and torment.
You can survive without breathing.


Message History

Your rat dies!
Your rat's corpse disappears in a puff of smoke!
You hear some strange, mumbled words.
The puff of flame hits you! The fire burns you terribly!
* * * LOW HITPOINT WARNING * * *
You swap places.
It hits your crimson imp. It barely misses your crimson imp.
What do you say? t - Shout!
Orders for allies: a - Attack new target. r - Retreat! s - Stop attacking. w - Wait here. f - Follow me.
Anything else - Stay silent.
Wait here!
It hits your crimson imp but does no damage.
You see here an orcish hand axe.
There is a stone staircase leading up here.
A puff of flame appears from out of thin air!
The puff of flame hits you! The fire burns you terribly!
You die...

#.###### ##...####
#......###.......#
#.....o..)...##.###
#.###.###.!........
#. #.###.#.#...### #.
#..{.......)#
#.#######.#.##.##
#####...).....#.# .#
#.....@[.#.{....##.#
#.######.#.##......#
#.#.####.#### #
#####.#.####.#
#.##..........#.#
#........#.##.#.##
######%#####.....>.##
#........# ####.....#
#.##.#.#.#
#....#####.


There were no monsters in sight!

Vanquished Creatures
  A worker ant (D:4)
  2 adders (D:2)
  A giant cockroach (D:3)
  6 goblins
  5 hobgoblins
  7 kobolds
  2 quokkas (D:2)
  2 ball pythons
  11 bats
  A hobgoblin skeleton (D:4)
  10 rats
48 creatures vanquished.

Vanquished Creatures (collateral kills)
  2 orc wizards (D:4)
  A hound (D:2)
  A giant mite (D:1)
  3 adders
  An orc (D:3)
  3 hobgoblins
  4 jackals (D:3)
  3 goblins (D:1)
  2 kobolds (D:1)
  3 rats (D:1)
23 creatures vanquished.

Vanquished Creatures (others)
  2 shadow imps (D:2)
  4 white imps (D:4)
  A grey rat (D:1)
  4 bats (D:1)
  3 rats
14 creatures vanquished.

Grand Total: 85 creatures vanquished

Notes
Turn   | Place    | Note
--------------------------------------------------------------
     0 | D:1      | Ololoev, the Mummy Summoner, began the quest for the Orb.
     0 | D:1      | Reached XP level 1. HP: 13/13 MP: 3/3
   449 | D:1      | Reached XP level 2. HP: 16/19 MP: 4/4
   453 | D:1      | Learned a level 2 spell: Call Imp
  1487 | D:2      | Reached XP level 3. HP: 24/24 MP: 6/6
  1564 | D:2      | Reached skill level 4 in Summonings
  1909 | D:2      | Noticed Crazy Yiuf
  2578 | D:2      | Reached XP level 4. HP: 7/30 MP: 1/7
  3572 | D:3      | Found a sparkling altar of Nemelex Xobeh.
  3698 | D:3      | Found a bloodstained altar of Trog.
  3997 | D:4      | Reached skill level 5 in Summonings
  4209 | D:4      | Reached XP level 5. HP: 35/35 MP: 1/9
  4273 | D:4      | Killed from afar by an orc wizard

Action                   |  1- 3 |  4- 6 || total
-------------------------+-------+-------++-------
Melee: Dagger            |   160 |   124 ||   284
       Unarmed           |    16 |       ||    16
Throw: Dart              |    43 |    19 ||    62
 Cast: Summon Small Mamm |    12 |     1 ||    13
       Call Imp          |    12 |    15 ||    27
  Use: Scroll            |     5 |     3 ||     8
 Stab: Sleeping          |       |     1 ||     1
